Cogmind - Beta 13 @@@ ROGUE MODE // 2024.07.20 @ 18:57:58 Player: Blaj Result: Destroyed by P-70 Sage with High-powered Shock Rifle Performance ------------- Evolutions (5) 2500 Regions Visited (13) 2600 Robots Destroyed (324) 1620 Value Destroyed (12962) 12962 Prototype IDs (12) 240 Alien Tech Used (0) 0 Bonus (5278) 5278 TOTAL SCORE: 25200 Bonus ------- High Alert Combat Kills 2553 Follower Combat Kills 1350 Entered Garrisons 200 Used RIF Installer 500 Network Hubs Disabled 400 Met R17 at Cetus 500 Friendly Fire -225 Cogmind --------- Core Integrity 0/1000 Matter 300/300 Energy 506/600 System Corruption 20% Temperature Cool (0) Movement Core (100) Ox1 Location -5/Factory Parts ------- > --- POWER (2) -------- (None) > --- PROPULSION (4) --- (None) > --- UTILITY (8) ------ Advanced Energy Well Core Analyzer Improved Transmission Jammer Relay Coupler [NC] (24) Relay Coupler [Grunt] (5) > --- WEAPON (3) ------- (None) > --- INVENTORY (5) ---- Micro Fission Core Huge Storage Unit Advanced Energy Well (0) Improved Medium Armor Plating Improved Remote Datajack Peak State ------------ > --- POWER ------------ Light Fission Core Micro Fission Core > --- PROPULSION ------- Centrium Heavy Treads Centrium Heavy Treads > --- UTILITY ---------- Advanced Cooling System Huge Storage Unit Improved Targeting Computer Core Analyzer Improved Transmission Jammer Phase Shifter Improved Shield Generator Improved Hacking Suite > --- WEAPON ----------- High-powered Shock Rifle Gamma Rifle Gamma Rifle > --- INVENTORY -------- Light Nuclear Core Improved Medium Treads Wheel Improved Heat Sink Advanced Heat Sink Cargo Storage Unit Energy Well Structural Scanner Seismic Detector Improved Medium Armor Plating Improved Medium Armor Plating Improved Medium Armor Plating Relay Coupler [NC] Relay Coupler [NC] Relay Coupler [NC] Relay Coupler [Cutter] Relay Coupler [Grunt] Relay Coupler [Grunt] High-powered Tractor Beam Cooled Pulse Rifle Advanced Plasma Cannon Gauss Rifle Advanced KE Penetrator Improved Remote Datajack [Rating: 109] Favorites ----------- Power Improved Deuterium Engine Engine Improved Deuterium Engine Power Core Light Fission Core Reactor Cold Fusion Reactor Propulsion Light Treads Treads Light Treads Leg Aluminum Leg Wheel Armored Huge Wheel Utility Improved Targeting Computer Device Improved Cooling System Storage Cargo Storage Unit Processor Improved Targeting Computer Hackware Improved Hacking Suite Protection Improved Light Armor Plating Weapon Ion Cannon Energy Gun Spread Laser Energy Cannon Ion Cannon Ballistic Gun Advanced KE Penetrator Ballistic Cannon Magnetic Acceleration Cannon Launcher Improved Proton Missile Launcher Special Weapon Multitool Piercing Weapon Makeshift Spear Build | -11 -10 -10 -10 -8 -8 -7 -7 -6 -6 -6 -6 -6 -5 ------- Run | Yrd Mat Min Sub Mat Gar Fac Sto Fac Ext Cet Arc Hub Fac Slots Evolved 10 | . . . . 4 . 2 . 2 . . . . 2 Power 1 | . . . . . . . . . . . . . 1 Propulsion 2 | . . . . 1 . 1 . . . . . . . Utility 6 | . . . . 3 . 1 . 2 . . . . . Weapon 1 | . . . . . . . . . . . . . 1 Parts Attached 354 | 3 11 4 24 60 19 38 30 24 27 4 5 17 88 Power 22 | . . . 5 3 2 1 1 . 2 . . 1 7 Engine 14 | . . . 5 3 2 . 1 . 1 . . 1 1 Core 6 | . . . . . . 1 . . 1 . . . 4 Reactor 2 | . . . . . . . . . . . . . 2 Propulsion 49 | 2 . . 5 8 4 4 6 4 3 1 . 3 9 Treads 36 | 2 . . 4 7 4 1 5 4 2 1 . 3 3 Leg . | . . . . . . . . . . . . . . Wheel 13 | . . . 1 1 . 3 1 . 1 . . . 6 Hover . | . . . . . . . . . . . . . . Flight . | . . . . . . . . . . . . . . Utility 120 | 1 5 . 4 29 6 8 8 6 8 1 2 8 34 Device 55 | 1 3 . . 9 3 5 4 3 5 . . 3 19 Storage 10 | . 1 . 1 2 . 1 . . . . . . 5 Processor 6 | . . . . 3 . . . 1 1 . . . 1 Hackware 13 | . . . . . . 2 2 1 1 . 1 1 5 Protection 36 | . 1 . 3 15 3 . 2 1 1 1 1 4 4 Artifact . | . . . . . . . . . . . . . . Weapon 163 | . 6 4 10 20 7 25 15 14 14 2 3 5 38 Energy Gun 30 | . 4 2 4 4 . . . . . . . . 16 Energy Cannon 55 | . . . 2 8 4 12 9 8 6 . . . 6 Ballistic Gun 19 | . . . 1 . . . 1 . . 1 2 4 10 Ballistic Cannon 3 | . . . . . . . . . 3 . . . . Launcher 16 | . . 1 1 1 1 1 3 4 3 1 . . . Special Weapon 29 | . 2 1 1 3 2 8 2 . 2 . 1 1 6 Impact Weapon . | . . . . . . . . . . . . . . Slashing Weapon . | . . . . . . . . . . . . . . Piercing Weapon 11 | . . . 1 4 . 4 . 2 . . . . . Special Melee Weapon . | . . . . . . . . . . . . . . Unidentified Prototypes 11 | . . . . 1 . . 2 . 1 3 . . 4 Corrupted Parts 3 | . . . . . . . . . . . . 3 . System Corruption 22 | . . . . . . . . . . . . 22 . Parts Lost 83 | . . . 11 7 6 6 3 6 10 . 1 5 28 Power 11 | . . . 2 1 1 1 . . . . . . 6 Propulsion 24 | . . . 2 3 3 3 2 2 2 . . 2 5 Utility 29 | . . . 3 2 1 1 1 3 4 . 1 3 10 Weapon 19 | . . . 4 1 1 1 . 1 4 . . . 7 Highest Loss Streak 14 | . . . 9 3 2 4 1 1 5 . 1 5 14 To Critical Strikes 3 | . . . 1 . 1 . . . . . . . 1 Average Slot Usage (%) 85 | . 99 100 80 89 92 83 73 75 83 80 78 75 82 Engine 8 | . 14 14 12 9 8 4 4 6 3 6 6 5 . Core 1 | . . . . . . 2 2 . 2 . . . 6 Treads 19 | . 28 28 27 15 27 17 11 13 12 6 6 7 9 Wheel 3 | . . . . 6 . 9 7 6 6 6 6 4 2 Device 10 | . 9 14 . 11 9 7 11 24 16 13 11 8 16 Storage 7 | . 14 14 1 9 9 7 7 6 6 6 6 5 4 Processor 5 | . . . . 6 11 3 . 2 12 13 13 6 9 Hackware 2 | . . . . . . 5 2 1 4 6 4 12 8 Protection 7 | . 4 . 11 14 9 6 7 . 2 5 7 8 2 Energy Gun 6 | . 27 27 9 2 . . . . . . . . 5 Energy Cannon 7 | . . . 7 10 17 10 14 11 10 . . . 2 Ballistic Gun 1 | . . . 4 . . . . . . . 6 9 4 Naked Turns . | . . . . . . . . . . . . . . Heaviest Build 189 | 15 56 52 52 110 124 182 188 189 177 178 178 180 137 Greatest Support 160 | 40 40 40 40 69 69 63 28 28 28 28 28 160 160 Greatest Overweight (x) 11 | . 1 1 2 9 1 10 6 6 6 6 6 6 11 Average Overweight (x) 2 | . . 1 . 4 1 5 6 5 5 6 6 4 1 Largest Inventory Capacity 30 | 8 20 20 20 25 25 30 30 30 30 30 30 30 30 Average Capacity 21 | 8 19 20 6 21 25 27 30 30 30 30 30 28 19 Most Carried 30 | 8 15 18 18 25 25 27 30 29 30 30 30 30 25 Average Carried 18 | 5 10 16 5 18 24 24 24 24 27 28 29 27 14 Final Capacity 30 | 8 20 20 20 25 25 30 30 30 30 30 30 5 5 Final Carried 30 | 6 15 18 8 25 24 27 26 29 28 30 30 5 5 Class Distribution -------------------- 41% | Mutant 20% | Hauler-Mutant 13% | Bothacker-Mutant 11% | Subdweller-Mutant 5% | Scavenger-Gunner 3% | Scavenger-Mutant Dominant Class ---------------- Mutant | -10/Materials Mutant | -10/Mines Subdweller-Mutant | -10/Subcaves Mutant | -8/Materials Mutant | -8/Garrison Bothacker-Mutant | -7/Factory Hauler-Mutant | -7/Storage Hauler-Mutant | -6/Factory Hauler-Mutant | -6/Extension Hauler-Mutant | -6/Cetus Hauler-Mutant | -6/Archives Scavenger-Mutant | -6/Hub_04(d) Scavenger-Gunner | -5/Factory Resources | -11 -10 -10 -10 -8 -8 -7 -7 -6 -6 -6 -6 -6 -5 ----------- Run | Yrd Mat Min Sub Mat Gar Fac Sto Fac Ext Cet Arc Hub Fac Matter Collected 5912 | 258 219 36 427 613 283 509 449 370 412 86 621 140 1489 Remotely . | . . . . . . . . . . . . . . Salvage Created 13588 | 184 422 36 834 2000 1093 1227 1762 1207 1178 343 323 234 2745 Parts 699 | 18 30 11 43 134 63 42 84 32 44 14 25 17 142 Haulers Intercepted 19 | . 2 . . 4 . . 6 1 5 . . . 1 Recyclers Shooed 6 | . . . . . . . 1 1 . . . . 4 Parts Field Recycled . | . . . . . . . . . . . . . . Retrieved Matter . | . . . . . . . . . . . . . . Parts Self-Destructed 13 | . . . 13 . . . . . . . . . . Prevented . | . . . . . . . . . . . . . . Kills | -11 -10 -10 -10 -8 -8 -7 -7 -6 -6 -6 -6 -6 -5 ------- Run | Yrd Mat Min Sub Mat Gar Fac Sto Fac Ext Cet Arc Hub Fac Combat Hostiles Destroyed 240 | . 11 3 21 40 29 24 29 19 13 4 1 3 43 Melee 11 | . . . . 11 . . . . . . . . . Guns 73 | . 11 . 13 10 . . . . . . 1 3 35 Cannons 100 | . . . 7 14 24 13 20 7 9 . . . 6 AOE 41 | . . 3 . 4 4 9 6 10 3 2 . . . Classes Destroyed 19 | 2 5 1 2 3 1 2 1 1 . . . 1 . Worker 8 | . . . . . . 2 3 . . . . 1 2 Builder 13 | . . 1 . 1 . . 4 1 1 . . . 5 Tunneler 7 | 5 . . . 1 . . . 1 . . . . . Hauler 19 | . 2 . . 4 . . 6 1 5 . . . 1 Recycler 14 | 1 1 . . 2 . 4 2 2 1 . . . 1 Mechanic 2 | . . . . . . . . 2 . . . . . Operator 11 | . 3 . . 1 . . . . . . 6 . 1 Watcher 10 | . 1 . . 3 . . 2 . 1 1 . 1 1 Swarmer 48 | . 3 3 4 9 8 4 5 . 3 . . . 9 Grunt 116 | . 8 . 2 18 11 18 19 17 2 . . 2 19 Brawler 2 | . . . . 1 1 . . . . . . . . Duelist 8 | . . . . . 5 . . 2 1 . . . . Protector 1 | . . . . . . . . . . . . 1 . Sentry 24 | . . . . 10 4 . 3 . 4 . 1 . 2 Specialist 2 | . . . . 2 . . . . . . . . . Hunter 7 | . . . . . . . 1 . 3 . . . 3 Programmer 13 | . . . . . . 2 1 . . . . . 10 Cetus Guard 4 | . . . . . . . . . . 4 . . . Cobbler 1 | . . . 1 . . . . . . . . . . Subdweller 15 | . . . 15 . . . . . . . . . . Best Kill Streak 12 | 4 3 3 4 5 7 9 12 8 5 5 1 2 7 Combat Bots Only 7 | . 3 3 4 5 7 7 4 7 3 4 1 1 7 Max Kills in Single Turn 4 | 1 1 3 1 3 3 4 4 3 3 2 1 1 2 Gunslinging 1 | . . . . 1 . . . . . . . . 1 Exploded 3 | . . 3 . 2 3 3 1 2 2 2 . . . Melee 1 | . . . . 1 . . . . . . . . . Uniques/NPCs Destroyed . | . . . . . . . . . . . . . . Combat | -11 -10 -10 -10 -8 -8 -7 -7 -6 -6 -6 -6 -6 -5 -------- Run | Yrd Mat Min Sub Mat Gar Fac Sto Fac Ext Cet Arc Hub Fac Hostile Shots Fired 1639 | . 65 2 122 215 114 118 238 63 159 13 19 109 402 Missed 451 | . 18 . 28 44 28 41 87 18 59 5 5 15 103 Damage Taken 21539 | . 405 42 1834 2194 1365 1428 2006 938 1567 214 315 3472 5759 Core 2505 | . 67 . 147 186 27 174 92 77 180 84 24 430 1017 Absorbed by Shields 98 | . . . . . . . . . . . . . 98 Reduced by Siege Mode 273 | . . . . . . . . . . . . . 273 Ignored by Resistances 180 | . . . . . . . . . 159 6 15 . . Regen/Repaired (Parts) 2034 | . . . . 296 . 56 . . . . . . 1682 Core Remaining (%) 48 | 100 . . 14 . 61 . 62 . . . . 6 . Volleys Fired 866 | 12 35 15 97 90 75 71 100 46 54 3 69 30 169 Largest 3 | 2 2 1 2 2 2 2 2 2 2 2 2 2 3 Hottest 215 | 60 165 100 165 131 120 126 160 160 165 86 70 70 215 Shots Fired 1517 | 24 70 18 161 171 134 100 181 77 100 6 104 44 327 Gun 612 | 24 67 4 111 48 . . . . . . 68 44 246 Cannon 776 | . . . 49 119 131 84 172 61 95 . . . 65 Launcher 37 | . . 1 . 3 2 1 6 16 2 6 . . . Special 92 | . 3 13 1 1 1 15 3 . 3 . 36 . 16 Kinetic 279 | 12 . . 34 . . . . . 18 . 68 44 103 Thermal 1053 | . 70 17 127 168 131 72 171 61 74 . 36 . 126 Explosive 31 | . . 1 . 3 2 1 6 16 2 . . . . Electromagnetic 117 | 12 . . . . . 13 1 . 3 6 . . 82 Robot Hit Streak 30 | 6 11 4 20 16 20 11 12 27 30 6 18 9 29 Robot Miss Streak 6 | 2 6 3 3 4 3 2 3 2 2 1 3 1 3 Penetration Max 1 | . . . . . . . . . . . 1 1 1 Secondary Targets 10 | . 1 . . 4 . . . . . . . 1 4 Max Gunslinging Chain 1 | . 1 . . 1 . . . . . . . 1 1 Shots Hit Robots 1002 | 12 59 2 90 123 82 67 113 54 79 5 76 21 219 Core Hits 600 | 6 74 9 51 73 44 35 65 58 44 10 21 15 95 Critical Kills 22 | . . . 4 1 1 1 1 1 1 . 3 3 6 Critical Parts Destroyed 16 | . . . . . . . . . . . 8 3 5 Critical Strikes 50 | . . . 5 5 1 1 1 1 1 . 13 6 16 Burn 5 | . . . . . . . . . . . . . 5 Meltdown 8 | . . . 2 1 1 1 1 1 1 . . . . Destroy 33 | . . . 3 . . . . . . . 13 6 11 Impale 4 | . . . . 4 . . . . . . . . . Melee Attacks 76 | . . . 14 45 . 16 . 1 . . . . . Impact . | . . . . . . . . . . . . . . Slashing . | . . . . . . . . . . . . . . Piercing 76 | . . . 14 45 . 16 . 1 . . . . . Sneak Attacks 4 | . . . . 4 . . . . . . . . . Combat Hostiles . | . . . . . . . . . . . . . . Follow-up Attacks . | . . . . . . . . . . . . . . Damage Inflicted 29744 | 160 780 142 1855 3105 2286 2710 4024 3097 2791 823 1637 742 5592 Guns 9051 | 160 765 30 1234 319 . . . . . . 1479 733 4331 Cannons 12169 | . . . 554 1357 1871 1420 2774 1052 2123 . . . 1018 Explosions 7196 | . . 100 . 435 405 1270 1250 2045 668 823 . . 200 Melee 985 | . . . 67 918 . . . . . . . . . Ramming 185 | . 15 12 . 76 10 20 . . . . . 9 43 Kinetic 5335 | 60 . . 537 . . . . . 437 . 1479 733 2089 Thermal 14983 | . 765 30 1251 1676 1871 1308 2744 1052 1756 246 158 . 2126 Explosive 5966 | . . 100 . 435 405 1143 1250 2045 545 . . . 43 Electromagnetic 2290 | 100 . . . . . 239 30 . 53 577 . . 1291 Impact . | . . . . . . . . . . . . . . Slashing . | . . . . . . . . . . . . . . Piercing 985 | . . . 67 918 . . . . . . . . . Highest Corruption 59 | . 2 2 2 4 4 4 4 . . . . 59 20 Average Corruption 3 | . 2 2 2 4 4 1 4 . . . . 32 9 Corruption Purged . | . . . . . . . . . . . . . . Corruption Blocked . | . . . . . . . . . . . . . . Effects 228 | . 8 20 57 4 48 13 30 . . . . 10 38 Message Errors 48 | . 2 7 12 1 13 1 6 . . . . 3 3 Matter Fused 52 | . 3 2 18 . 11 5 6 . . . . . 7 Heat Flow Errors 23 | . . 2 5 1 4 1 5 . . . . 1 4 Energy Discharges 34 | . 1 5 5 . 7 3 5 . . . . 1 7 Parts Rejected 5 | . . . 1 . 1 . . . . . . 2 1 Parts Fused 2 | . . . 1 . 1 . . . . . . . . Data Loss (minor) 22 | . 1 . 8 . 2 2 2 . . . . . 7 Data Loss (major) 10 | . 1 . 3 . 2 . 3 . . . . . 1 Misfires 8 | . . 3 3 . 2 . . . . . . . . Alerts 9 | . . 1 1 2 3 1 1 . . . . . . Misdirections 4 | . . . . . . . . . . . . 2 2 Weapon Failures 11 | . . . . . 2 . 2 . . . . 1 6 Overload Shots 1 | . . . . . . . . . . . . . 1 Overflow Damage 574 | . . . 18 33 37 211 54 75 37 15 4 . 90 Projectiles 155 | . . . 18 . . 24 14 14 . . 4 . 81 Explosions 386 | . . . . . 37 187 40 61 37 15 . . 9 Melee 33 | . . . . 33 . . . . . . . . . Knockbacks 3 | . 1 . . . . 1 . . . . . . 1 Impact 3 | . 1 . . . . 1 . . . . . . 1 Kinetic . | . . . . . . . . . . . . . . Secondary . | . . . . . . . . . . . . . . Self-Inflicted Damage 210 | . . 29 . 6 . 19 62 29 55 . . 4 6 Shots 8 | . . 1 . . . 1 3 2 1 . . . . Rammed 30 | . 6 1 . 11 1 2 . . . . . 2 7 Targets Rammed 34 | . 6 1 . 15 1 2 . . . . . 2 7 Kicked . | . . . . . . . . . . . . . . Crushed 4 | . . . . 4 . . . . . . . . . Highest Temperature 348 | 20 348 166 203 222 253 285 300 70 30 . . 149 321 Average Temperature 68 | 15 106 47 30 59 55 92 73 28 9 . . 75 72 Received Heat Transfer 4210 | . 60 . 159 666 369 438 831 412 303 . 27 54 891 Effects 3 | . 1 . . 1 . . 1 . . . . . . Energy Bleed 2 | . 1 . . . . . 1 . . . . . . Interference 1 | . . . . 1 . . . . . . . . . Siege Activations 6 | . . . . . . . . . . . . . 6 Total Turns 178 | . . . . . . . . . . . . . 178 Longest Duration 55 | . . . . . . . . . . . . . 55 Robots Corrupted 7 | . . . . . . 1 . . . 3 . . 3 Combat Hostiles 5 | . . . . . . 1 . . . 2 . . 2 Parts Fried 10 | . . . . . . 1 . . . 5 . . 4 Impact Corruptions . | . . . . . . . . . . . . . . Robots Melted 14 | . . . 2 1 1 2 5 2 1 . . . . Combat Hostiles 11 | . . . 2 1 1 1 3 2 1 . . . . Parts Melted 57 | . . . 6 4 5 6 11 4 8 . . . 13 Heat Transferred 24973 | . 960 35 1585 2894 3034 1928 5350 2050 2816 150 525 . 3646 Parts Sabotaged . | . . . . . . . . . . . . . . Parts Stolen . | . . . . . . . . . . . . . . Parts Stripped . | . . . . . . . . . . . . . . Power Chain Reactions 6 | . . . . . . 2 . . 1 1 . . 2 Alert | -11 -10 -10 -10 -8 -8 -7 -7 -6 -6 -6 -6 -6 -5 ------- Run | Yrd Mat Min Sub Mat Gar Fac Sto Fac Ext Cet Arc Hub Fac Peak Influence 1666 | 30 242 76 . 420 1666 1269 1293 1002 503 534 245 99 730 Initial 874 | . 19 22 . 33 264 874 543 588 350 281 133 . 48 Average 423 | 17 91 14 . 192 934 1084 854 816 240 414 142 27 281 Maximum Alert Level 5 | . 1 . . 2 5 4 4 3 2 2 1 . 3 Low Security (%) 41 | 100 97 100 . 50 . . . . 31 . 63 100 44 Level 1 20 | . 2 . . 47 19 . . . 57 14 36 . 24 Level 2 10 | . . . . 1 7 . 36 9 10 85 . . 27 Level 3 17 | . . . . . 31 67 45 90 . . . . 3 Level 4 8 | . . . . . 37 32 18 . . . . . . Level 5 . | . . . . . 4 . . . . . . . . High Security . | . . . . . . . . . . . . . . Max Security . | . . . . . . . . . . . . . . Squads Dispatched 56 | . 5 . . 8 . 11 8 9 1 . . 3 11 Investigation 13 | . 2 . . 2 . 3 . 1 . . . 1 4 Extermination 7 | . . . . . . 2 1 1 . . . . 3 Reinforcement 27 | . 3 . . 5 . 5 6 4 1 . . . 3 Assault 8 | . . . . . . 1 1 3 . . . 2 1 Garrison 1 | . . . . 1 . . . . . . . . . Intercept . | . . . . . . . . . . . . . . Searches Triggered . | . . . . . . . . . . . . . . Construction Impeded 4 | . . . . 1 . . 1 1 1 . . . . Haulers Reinforced 5 | . . . . . . . 3 1 . . . . 1 Active Scanning Responses . | . . . . . . . . . . . . . . Cargo Convoy Interrupts 1 | . . . . . . 1 . . . . . . . Stealth | -11 -10 -10 -10 -8 -8 -7 -7 -6 -6 -6 -6 -6 -5 --------- Run | Yrd Mat Min Sub Mat Gar Fac Sto Fac Ext Cet Arc Hub Fac Distress Signals 17 | . 1 . . 3 . 1 4 . 3 2 . 3 . Communications Jammed 29 | . . . . . . . 19 2 1 . . . 7 Distress Signals 28 | . . . . . . . 18 2 1 . . . 7 Times Spotted 443 | . 21 3 25 59 39 36 44 24 36 9 53 16 78 Peak Tracking Total 12 | . 4 3 5 7 7 6 4 4 5 5 1 12 11 Tactical Retreats 20 | . . . 2 2 6 2 . . 1 1 . 1 5 Traps | -11 -10 -10 -10 -8 -8 -7 -7 -6 -6 -6 -6 -6 -5 ------- Run | Yrd Mat Min Sub Mat Gar Fac Sto Fac Ext Cet Arc Hub Fac Traps Triggered 20 | . 1 . 2 2 7 . 2 1 1 . . . 4 Indirectly . | . . . . . . . . . . . . . . Trap Hack Attempts . | . . . . . . . . . . . . . . Triggered . | . . . . . . . . . . . . . . Disarmed . | . . . . . . . . . . . . . . Reprogrammed . | . . . . . . . . . . . . . . Reused 2 | . . . 2 . . . . . . . . . . Traps Extracted . | . . . . . . . . . . . . . . Installed 3 | . . . 3 . . . . . . . . . . Triggered 1 | . . . . . . 1 . . . . . . . Most Traps Carried 3 | . . 3 3 . . . . . . . . . . Machines | -11 -10 -10 -10 -8 -8 -7 -7 -6 -6 -6 -6 -6 -5 ---------- Run | Yrd Mat Min Sub Mat Gar Fac Sto Fac Ext Cet Arc Hub Fac Machines Disabled 34 | . . . . 1 5 9 5 1 . . 3 3 7 Max in Single Turn 2 | . . . . 1 1 2 1 1 . . 1 1 2 Garrison Access 5 | . . . . . . 1 1 . . . . 2 1 Garrison Relay 5 | . . . . . 5 . . . . . . . . Phase Generator 1 | . . . . . 1 . . . . . . . . Network Hub 2 | . . . . . . . . . . . . 2 . Machines Repaired . | . . . . . . . . . . . . . . Machines Dismantled 2 | . . . . . 1 . . . . . . 1 . Machines Sabotaged 1 | . . . . . . . . . . . . 1 . Overloaded Fab Kills . | . . . . . . . . . . . . . . Hacking | -11 -10 -10 -10 -8 -8 -7 -7 -6 -6 -6 -6 -6 -5 --------- Run | Yrd Mat Min Sub Mat Gar Fac Sto Fac Ext Cet Arc Hub Fac Machines Accessed 54 | . 5 . 1 13 3 6 5 4 3 . . 3 11 Terminals 32 | . 3 . . 8 3 3 5 2 3 . . 2 3 Fabricators 4 | . . . . . . 1 . 1 . . . . 2 Repair Stations 7 | . . . . 2 . 1 . . . . . . 4 Recycling Units 4 | . 2 . . . . . . 1 . . . . 1 Scanalyzers 2 | . . . . 2 . . . . . . . . . Garrison Access 4 | . . . . 1 . 1 . . . . . 1 1 Total Hacks 173 | . 13 . 1 36 9 11 6 15 12 . . 5 65 Successful 81 | . 7 . 1 20 5 5 3 3 4 . . 3 30 Failed 92 | . 6 . . 16 4 6 3 12 8 . . 2 35 Catastrophic 20 | . . . . 4 2 2 2 2 1 . . 1 6 Database Lockouts . | . . . . . . . . . . . . . . Manual 68 | . 11 . . 9 4 2 2 11 11 . . 2 16 Terminals 100 | . 10 . . 20 9 4 6 9 12 . . 3 27 Fabricators 11 | . . . . . . 3 . 3 . . . . 5 Repair Stations 37 | . . . . 8 . 3 . . . . . . 26 Recycling Units 12 | . 3 . . . . . . 3 . . . . 6 Scanalyzers 7 | . . . . 7 . . . . . . . . . Garrison Access 5 | . . . . 1 . 1 . . . . . 2 1 Terminal Hacks 30 | . 3 . 1 5 3 . 2 2 2 . . 1 11 Record 1 | . . . 1 . . . . . . . . . . Part Schematic 5 | . 1 . . . . . . . . . . . 4 Open Door 2 | . . . . . . . 2 . . . . . . Branch Access Points 2 | . 1 . . . . . . 1 . . . . . Emergency Access Points 1 | . . . . . 1 . . . . . . . . Machine Index 1 | . . . . . . . . . . . . . 1 Terminal Index 2 | . . . . . . . . . . . . 1 1 Unreport Threat 6 | . . . . 2 . . . . 1 . . . 3 Locate Traps 1 | . 1 . . . . . . . . . . . . Patrol Status 3 | . . . . 1 . . . 1 1 . . . . Hauler Manifests 2 | . . . . 1 . . . . . . . . 1 Zone Layout 2 | . . . . 1 . . . . . . . . 1 Patrol Navigation 1 | . . . . . 1 . . . . . . . . Security Stations 1 | . . . . . 1 . . . . . . . . Fabricator Hacks 7 | . . . . . . 2 . . . . . . 5 Load Schematic 3 | . . . . . . 1 . . . . . . 2 Build 4 | . . . . . . 1 . . . . . . 3 Repair Station Hacks 17 | . . . . 6 . 2 . . . . . . 9 Scan Component 10 | . . . . 3 . 1 . . . . . . 6 Repair 7 | . . . . 3 . 1 . . . . . . 3 Recycling Unit Hacks 2 | . . . . . . . . . . . . . 2 Process 1 | . . . . . . . . . . . . . 1 Retrieve Matter 1 | . . . . . . . . . . . . . 1 Scanalyzer 6 | . . . . 6 . . . . . . . . . Insert Component 3 | . . . . 3 . . . . . . . . . Analyze 3 | . . . . 3 . . . . . . . . . Garrison Access Hacks 4 | . . . . 1 . 1 . . . . . 1 1 Unlock Access 2 | . . . . 1 . . . . . . . 1 . Seal Access 2 | . . . . . . 1 . . . . . . 1 Unauthorized Hacks 15 | . 4 . . 2 2 . 1 1 2 . . 1 2 Terminals 11 | . 1 . . 2 2 . 1 1 2 . . 1 1 Botnet 7 | . . . . 2 2 . 1 . 2 . . . . Operators 3 | . 1 . . . . . . 1 . . . . 1 Sabotage 1 | . . . . . . . . . . . . 1 . Fabricators . | . . . . . . . . . . . . . . Repair Stations . | . . . . . . . . . . . . . . Recycling Units 4 | . 3 . . . . . . . . . . . 1 Recyclers 2 | . 1 . . . . . . . . . . . 1 Tunnel 2 | . 2 . . . . . . . . . . . . Scanalyzers . | . . . . . . . . . . . . . . Garrison Access . | . . . . . . . . . . . . . . Data Cores Recovered . | . . . . . . . . . . . . . . Used . | . . . . . . . . . . . . . . Hacking Detections 38 | . 3 . . 10 3 3 1 4 3 . . 2 9 Full Trace Events 9 | . . . . 3 . 2 . 1 . . . . 3 Feedback Events . | . . . . . . . . . . . . . . Feedback Blocked . | . . . . . . . . . . . . . . Robot Schematics Acquired . | . . . . . . . . . . . . . . Robots Built 2 | . . . . . . . . . . . . . 2 Authchips . | . . . . . . . . . . . . . . Time 169 | . . . . . . . . . . . . . 169 Total Robot Build Rating 12 | . . . . . . . . . . . . . 12 Part Schematics Acquired 7 | . 1 . . 3 . . . . . . . . 3 Parts Built 3 | . . . . . . 1 . . . . . . 2 Authchips . | . . . . . . . . . . . . . . Time 155 | . . . . . . 51 . . . . . . 104 Total Part Build Rating 8 | . . . . . . 1 . . . . . . 7 Parts Repaired 7 | . . . . 3 . 1 . . . . . . 3 Time 276 | . . . . 96 . 44 . . . . . . 136 Parts Recycled . | . . . . . . . . . . . . . . Recycled Matter 47 | . . . . . . . . . . . . . 47 Retrieved Matter 47 | . . . . . . . . . . . . . 47 Retrieved Components . | . . . . . . . . . . . . . . Parts Scanalyzed 3 | . . . . 3 . . . . . . . . . Part Schematics Acquired 3 | . . . . 3 . . . . . . . . . Parts Damaged . | . . . . . . . . . . . . . . Bothacking | -11 -10 -10 -10 -8 -8 -7 -7 -6 -6 -6 -6 -6 -5 ------------ Run | Yrd Mat Min Sub Mat Gar Fac Sto Fac Ext Cet Arc Hub Fac Used RIF Installer 1 | . . . . . 1 . . . . . . . . Robots Hacked 24 | . . . . . 1 9 2 . 3 . . . 9 Non-combat 4 | . . . . . . . . . . . . . 4 Combat 20 | . . . . . 1 9 2 . 3 . . . 5 Robot Hacks Applied 28 | . . . . . 1 11 2 . 3 . . . 11 parse_system 2 | . . . . . 1 1 . . . . . . . ignore_repairs 1 | . . . . . . . . . . . . . 1 ignore_parts 1 | . . . . . . . . . . . . . 1 purge_threat 2 | . . . . . . . . . . . . . 2 find_garrison 1 | . . . . . . 1 . . . . . . . scatter_targeting 1 | . . . . . . . . . . . . . 1 mark_system 1 | . . . . . . . . . 1 . . . . disrupt_area 1 | . . . . . . . . . . . . . 1 spike_heat 6 | . . . . . . 5 . . 1 . . . . amplify_resonance 4 | . . . . . . 2 . . . . . . 2 reboot_system 1 | . . . . . . . 1 . . . . . . overwrite_iff 4 | . . . . . . 2 . . . . . . 2 formatsys_low 1 | . . . . . . . . . . . . . 1 formatsys_high 2 | . . . . . . . 1 . 1 . . . . Relay Couplers Released 31 | . . . . . 19 . 2 . . . . 3 7 Machine Destruction 27 | . . . . . 19 . 2 . . . . 3 3 Programmers 4 | . . . . . . . . . . . . . 4 Attached 10 | . . . . . . 2 2 . 1 . . . 5 Fabnet Peak Effective % . | . . . . . . . . . . . . . . Robots Rewired 17 | . . . . . 6 . . . 11 . . . . Allies Hacked . | . . . . . . . . . . . . . . Hacks Repelled . | . . . . . . . . . . . . . . Allies | -11 -10 -10 -10 -8 -8 -7 -7 -6 -6 -6 -6 -6 -5 -------- Run | Yrd Mat Min Sub Mat Gar Fac Sto Fac Ext Cet Arc Hub Fac Total Allies 26 | . . . . . 6 2 1 . 12 . . . 5 Largest Group 11 | . . . . . 6 1 1 . 11 4 3 2 2 Highest-Rated Group 325 | . . . . . 96 16 32 . 325 145 117 78 98 Highest-Rated Ally 49 | . . . . . 16 16 32 . 39 39 39 39 49 Total Orders 27 | . . . . . . . 2 16 2 3 4 . . STAY 12 | . . . . . . . . 7 1 2 2 . . FOLLOW 3 | . . . . . . . . . . 1 2 . . EXPLORE 8 | . . . . . . . 2 5 1 . . . . RETURN 4 | . . . . . . . . 4 . . . . . Ally Attacks 214 | . . . . . 34 8 11 . 124 9 9 2 17 Total Damage 4408 | . . . . . 463 97 327 . 2707 216 120 51 427 Kills 38 | . . . . . 4 1 4 . 21 5 3 . . Allies Corrupted . | . . . . . . . . . . . . . . Allies Melted . | . . . . . . . . . . . . . . Intel | -11 -10 -10 -10 -8 -8 -7 -7 -6 -6 -6 -6 -6 -5 ------- Run | Yrd Mat Min Sub Mat Gar Fac Sto Fac Ext Cet Arc Hub Fac Robot Analysis Total . | . . . . . . . . . . . . . . Derelict Logs Recovered 4 | . . 3 1 . . . . . . . . . . Drone Launches 37 | . . . . . . . 27 10 . . . . . Drone Recoveries 15 | . . . . . . . 11 4 . . . . . Exploration | -11 -10 -10 -10 -8 -8 -7 -7 -6 -6 -6 -6 -6 -5 ------------- Run | Yrd Mat Min Sub Mat Gar Fac Sto Fac Ext Cet Arc Hub Fac Turns Passed 21149 | 130 1506 1616 3921 2655 2355 1318 1167 888 1536 428 882 712 2035 Spaces Moved 8466 | 34 513 495 2110 1054 822 455 347 325 585 208 346 344 828 Core 183 | . . . . . . . . . . . . 68 115 Treads 4655 | 12 513 495 2048 292 822 45 . . . . . 28 400 Legs 22 | 22 . . . . . . . . . . . . . Wheels 3606 | . . . 62 762 . 410 347 325 585 208 346 248 313 Hover . | . . . . . . . . . . . . . . Flight . | . . . . . . . . . . . . . . Fastest Speed 50 | 120 160 240 115 150 240 155 190 175 175 190 190 50 50 Average Speed 187 | 134 236 240 163 184 240 194 190 189 189 190 190 161 142 Slowest Speed 320 | 160 240 240 320 250 240 240 190 190 190 190 190 240 250 Overloaded Moves . | . . . . . . . . . . . . . . Propulsion Burnouts . | . . . . . . . . . . . . . . Robots Hopped . | . . . . . . . . . . . . . . Cave-ins Triggered . | . . . . . . . . . . . . . . Exploration Rate (%) 59 | 3 83 95 89 89 92 19 79 16 70 56 81 37 22 Regions Visited 13 Branch Regions 7 Pre-discovered Areas 4 | . 2 2 . . . . . . . . . . . Known Exits Taken 4 | . 1 . . 1 . 1 . 1 . . . . . Unknown Exits Taken 8 | 1 . 1 1 . . . 1 . 1 1 1 1 . Scrap Searched 9 | . . 1 8 . . . . . . . . . . Spaces Dug 107 | . 3 . 2 11 3 5 17 3 . . . 10 53 Terrain Destroyed 431 | . 3 7 9 51 5 35 97 44 33 16 16 17 98 Melee 12 | . . . 1 5 . 5 . 1 . . . . . Projectile 169 | . 3 1 8 13 . . 47 3 5 . 16 17 56 AOE 250 | . . 6 . 33 5 30 50 40 28 16 . . 42 Terrain Rammed . | . . . . . . . . . . . . . . Walls Destroyed . | . . . . . . . . . . . . . . Machines Disabled . | . . . . . . . . . . . . . . Actions | -11 -10 -10 -10 -8 -8 -7 -7 -6 -6 -6 -6 -6 -5 --------- Run | Yrd Mat Min Sub Mat Gar Fac Sto Fac Ext Cet Arc Hub Fac Total 12131 | 97 722 880 2411 1540 1061 768 667 511 909 240 468 446 1411 Wait 1821 | 43 139 363 118 213 54 163 160 101 139 2 39 37 250 Move 8455 | 33 512 494 2109 1054 821 455 346 324 584 207 345 343 828 Hop . | . . . . . . . . . . . . . . Pick Up 163 | 1 13 3 12 28 17 9 10 8 13 9 5 2 33 Fast Attach 90 | 1 2 . 9 24 5 6 5 5 4 3 2 3 21 Attach 98 | 2 . . 10 10 6 7 10 6 11 . . 8 28 Detach 57 | 1 2 . . 10 2 5 6 3 4 2 . 7 15 Swap 166 | . 9 4 5 26 8 25 15 13 12 1 3 6 39 Drop 134 | 4 4 . 22 22 17 8 5 1 7 13 5 5 21 Fire 866 | 12 35 15 97 90 75 71 100 46 54 3 69 30 169 Melee 76 | . . . 14 45 . 16 . 1 . . . . . Ram 8 | . . . . 1 . 1 . . . . . 1 5 Kick . | . . . . . . . . . . . . . . Crush 25 | . 6 1 . 14 1 . . . . . . 1 2 Escape Stasis 10 | . . . . . 10 . . . . . . . . Rewire 118 | . . . . . 36 . 1 . 81 . . . . Trap 3 | . . . 3 . . . . . . . . . . Miscellaneous 41 | . . . 12 3 9 2 9 3 . . . 3 . Route ------- -11/Scrapyard -10/Materials (discovered 3 exits: [*Mat x2] / *Min) -10/Mines (discovered 2 exits: [*Mat] / *Sub) -10/Subcaves (discovered 2 exits: *Mat x2) -8/Materials (discovered 3 exits: *Fac x2 / Gar) -8/Garrison (discovered 3 exits: *Fac x3) -7/Factory -7/Storage -6/Factory (discovered 4 exits: *Low x2 / *Ext x2) -6/Extension (discovered 2 exits: *Fac / [*Cet]) -6/Cetus (discovered 2 exits: *Fac / [*Arc]) -6/Archives (discovered 3 exits: *Fac / *Hub x2) -6/Hub_04(d) -5/Factory (discovered 2 exits: [*Fac] / [*Upp]) History --------- Turn | Location | Event 1 | -11/Scrapyard | Discovered new exit (range 1) 131 | -11/Scrapyard | Entered Materials 234 | -10/Materials | Discovered new exit (range 15) 312 | -10/Materials | Build established: Mutant 478 | -10/Materials | Identified exit to Mines 986 | -10/Materials | Discovered new exit (range 14) 1374 | -10/Materials | Discovered new exit (range 12) 1637 | -10/Materials | Entered Mines 1875 | -10/Mines | Learned location of Zion (-6) 1997 | -10/Mines | Learned Materials stockpile data 2077 | -10/Mines | Discovered new exit (range 16) 2329 | -10/Mines | Found a hidden stash of uninstalled traps 2814 | -10/Mines | Discovered new exit (range 5) 3253 | -10/Mines | Entered Subcaves 3371 | -10/Subcaves | Lost 9 parts (2p2n2u3w) 3439 | -10/Subcaves | Ambushed by Subdweller buried in earth 3444 | -10/Subcaves | Core integrity fell below 50% 3630 | -10/Subcaves | A swath of the cavern ceiling suddenly collapsed 3742 | -10/Subcaves | Discovered new exit (range 8) 4197 | -10/Subcaves | Shifting Twisted Machinery released Sub. Power Source 4408 | -10/Subcaves | Shifting Twisted Machinery released Sub. Monowheel 4557 | -10/Subcaves | Build established: Subdweller-Mutant 4810 | -10/Subcaves | Ambushed by Subdwellers from Twisted Machinery 5258 | -10/Subcaves | Disturbed a concealed Subdweller 5374 | -10/Subcaves | A swath of the cavern ceiling suddenly collapsed 5418 | -10/Subcaves | Learned Materials emergency access door positions 5447 | -10/Subcaves | Visited Clippyterm 5541 | -10/Subcaves | Disturbed a concealed Subdweller 5593 | -10/Subcaves | Discovered new exit (range 8) 5604 | -10/Subcaves | Core integrity fell below 20% 6141 | -10/Subcaves | Shifting Twisted Machinery released Battle Cannon 6146 | -10/Subcaves | Shifting Twisted Machinery released Sub. Machine Gun 7174 | -10/Subcaves | Entered Materials 7174 | -8/Materials | Evolved 4 slots: Propulsion x1, Utility x3 7220 | -8/Materials | Build established: Mutant 7461 | -8/Materials | Lost 3 parts (2n1u) 7494 | -8/Materials | Repaired Hrd. Light Armor Plating 7975 | -8/Materials | Discovered new exit (range 13) 8160 | -8/Materials | Repaired Imp. Light Armor Plating 8188 | -8/Materials | Repaired Lgt. Treads 8755 | -8/Materials | Discovered new exit (range 4) 9734 | -8/Materials | Garrison activated, responded to threat 9829 | -8/Materials | Identified exit to Garrison 9829 | -8/Materials | Entered Garrison 10013 | -8/Garrison | Triggered checkpoint 10265 | -8/Garrison | Triggered checkpoint 10267 | -8/Garrison | Triggered checkpoint 10400 | -8/Garrison | Destroyed 7 combat bots 10451 | -8/Garrison | Triggered checkpoint 10611 | -8/Garrison | Phase Generator disabled 10632 | -8/Garrison | Discovered new exit (range 13) 10656 | -8/Garrison | Installed Relay Interface Framework 10735 | -8/Garrison | Triggered checkpoint 10743 | -8/Garrison | Garrison Relay disabled 10861 | -8/Garrison | Triggered checkpoint 11014 | -8/Garrison | Spotted B-75 Beast 11068 | -8/Garrison | Garrison Relay disabled 11198 | -8/Garrison | Garrison Relay disabled 11334 | -8/Garrison | Discovered new exit (range 15) 11351 | -8/Garrison | Learned Factory security intel 11358 | -8/Garrison | Build established: Bothacker-Mutant 11511 | -8/Garrison | Garrison Relay disabled 11694 | -8/Garrison | Garrison Relay disabled 11801 | -8/Garrison | Triggered checkpoint 11817 | -8/Garrison | Triggered checkpoint 11891 | -8/Garrison | Triggered checkpoint 11935 | -8/Garrison | Lost 5 allies 12155 | -8/Garrison | Discovered new exit (range 10) 12184 | -8/Garrison | Entered Factory 12184 | -7/Factory | Evolved 2 slots: Propulsion x1, Utility x1 12185 | -7/Factory | Identified exit to Storage 12441 | -7/Factory | Repaired Imp. Cooling System 12818 | -7/Factory | Fabricated Cargo Storage Unit (x1) 13054 | -7/Factory | Cargo convoy interrupted 13130 | -7/Factory | Destroyed 7 combat bots 13384 | -7/Factory | First assault squad dispatched 13502 | -7/Factory | Entered Storage 13532 | -7/Storage | Lost 4 parts (2n1u1w) 13719 | -7/Storage | Lost 15 allies 14021 | -7/Storage | Build established: Hauler-Mutant 14151 | -7/Storage | Discovered new exit (range 14) 14669 | -7/Storage | Entered Factory 14669 | -6/Factory | Evolved 2 slots: Utility x2 15019 | -6/Factory | First assault squad dispatched 15069 | -6/Factory | Destroyed 7 combat bots 15253 | -6/Factory | Discovered new exit (range 20) 15259 | -6/Factory | Identified exit to Lower Caves 15259 | -6/Factory | Identified exit to Extension 15557 | -6/Factory | Entered Extension 15557 | -6/Extension | Accompanied by 3 allies 16029 | -6/Extension | Lost 3 parts (1u2w) 16612 | -6/Extension | Lost 3 allies 16647 | -6/Extension | Build established: Commander-Mutant 16726 | -6/Extension | Spotted B-75 Beast 16739 | -6/Extension | Lost 4 allies 16739 | -6/Extension | Allies destroyed B-75 Beast 16748 | -6/Extension | Spotted B-75 Beast 16767 | -6/Extension | Allies destroyed B-75 Beast 16790 | -6/Extension | Lost 5 parts (2n2u1w) 16882 | -6/Extension | Disrupted transfer network 16967 | -6/Extension | Build established: Hauler-Mutant 17061 | -6/Extension | Discovered new exit (range 16) 17063 | -6/Extension | Discovered new exit (range 15) 17093 | -6/Extension | Entered Cetus 17093 | -6/Cetus | Accompanied by 4 allies 17118 | -6/Cetus | Spotted Cetus Guard 17118 | -6/Cetus | Spotted Cetus Guard 17118 | -6/Cetus | Allies destroyed Cetus Guard 17120 | -6/Cetus | Spotted Cetus Guard 17122 | -6/Cetus | Allies destroyed Cetus Guard 17124 | -6/Cetus | Spotted Cetus Guard 17124 | -6/Cetus | Allies destroyed Cetus Guard 17125 | -6/Cetus | Allies destroyed Cetus Guard 17283 | -6/Cetus | Discovered new exit (range 16) 17395 | -6/Cetus | Spotted Cetus Guard 17395 | -6/Cetus | Spotted Cetus Guard 17397 | -6/Cetus | Spotted Cetus Guard 17404 | -6/Cetus | Destroyed Cetus Guard 17406 | -6/Cetus | Destroyed Cetus Guard 17406 | -6/Cetus | Destroyed Cetus Guard 17407 | -6/Cetus | Destroyed Cetus Guard 17417 | -6/Cetus | Discovered new exit (range 15) 17428 | -6/Cetus | Met Revision 17 17521 | -6/Cetus | Entered Archives 17521 | -6/Archives | Accompanied by 3 allies 17628 | -6/Archives | Discovered new exit (range 16) 17667 | -6/Archives | Discovered new exit (range 15) 17684 | -6/Archives | Discovered new exit (range 13) 18403 | -6/Archives | Entered Hub_04(d) 18403 | -6/Hub_04(d) | Accompanied by 2 allies 18443 | -6/Hub_04(d) | Identified exit to Garrison 18568 | -6/Hub_04(d) | Build established: Scavenger-Mutant 18647 | -6/Hub_04(d) | Discovered new exit (range 8) 18928 | -6/Hub_04(d) | Network Hub disabled 18950 | -6/Hub_04(d) | Spotted Lightning 18965 | -6/Hub_04(d) | Spotted Lightning 18966 | -6/Hub_04(d) | Spotted Lightning 18988 | -6/Hub_04(d) | Spotted Lightning 18989 | -6/Hub_04(d) | Spotted Lightning 18999 | -6/Hub_04(d) | Spotted Lightning 19001 | -6/Hub_04(d) | System corruption reached 10% 19009 | -6/Hub_04(d) | Core integrity fell below 50% 19010 | -6/Hub_04(d) | Network Hub disabled 19030 | -6/Hub_04(d) | System corruption reached 30% 19061 | -6/Hub_04(d) | Core integrity fell below 20% 19088 | -6/Hub_04(d) | Lost 5 parts (2n3u) 19101 | -6/Hub_04(d) | Spotted B-75 Beast 19115 | -6/Hub_04(d) | Entered Factory 19115 | -5/Factory | Evolved 2 slots: Power x1, Weapon x1 19632 | -5/Factory | Build established: Scavenger-Gunner 19640 | -5/Factory | Repaired Centrium Heavy Treads 19696 | -5/Factory | Repaired Centrium Heavy Treads? 19726 | -5/Factory | Fabricated Y-64 Sentinel? 19841 | -5/Factory | Fabricated Cargo Storage Unit (x1) 20261 | -5/Factory | Fabricated Imp. Remote Datajack (x1) 20428 | -5/Factory | Discovered new exit (range 16) 20492 | -5/Factory | Lost 3 parts (1p2u) 20672 | -5/Factory | System corruption reached 10% 20773 | -5/Factory | Repaired Adv. Plasma Cannon? 20815 | -5/Factory | Destroyed 7 combat bots 20915 | -5/Factory | First assault squad dispatched 21015 | -5/Factory | Lost 4 parts (1p2n1w) 21045 | -5/Factory | Discovered new exit (range 11) 21117 | -5/Factory | Core integrity fell below 50% 21128 | -5/Factory | Core integrity fell below 20% 21150 | -5/Factory | Destroyed by P-70 Sage with High-powered Shock Rifle Last Messages --------------- 21116_ Penetrated by Slug. 21116_ Relay Coupler [NC] destroyed. 21117_ Dropped Broken Adv. KE Penetrator. 21117_ Dropped Energy Well. 21118_ Imp. Hacking Suite destroyed. 21118_ Penetrated by Slug. 21120_ Extracted 350 energy. 21120_ Y-64 Sentinel misfires. 21121_ Penetrated by Slug. 21122_ Slammed into G-50 Soldier. 21122_ Critical hit (Burn: +37). 21123_ Y-64 Sentinel IFF system glitched. 21123_ K-01 Serf destroyed. 21123_ Slug penetrates Door. 21125_ Slammed into G-50 Soldier. 21128_ Structural Scanner destroyed. 21132_ Slammed into O-24 Administrator. 21146_ System corrupted: Heat flow error (+151). 21147_ Slug penetrates G-50 Soldier. 21148_ Slug penetrates Wall. Map ----- +----------------------------------------------------+ | =[ #? """?????# ##!!! #?????????????????? | | %[%*= #??? ????# ##!! #?????????????????? | | ! /= %%#?? #### ##!! #?????????????????? | | [o %#??####+##### ## ###???????????????? | | ##" #/#??## ### ## ! ###???????????????? | | ## # # #??## = #! ##???????????????? | | ####### #??## !!! *"% "" #?????????????????? | | ######## #??## !!!![ =# "" #?????????????????? | | / R#??## !###### "F #?????????????????? | | ######## #??#### ######## """ #?????????????????? | | ##?### ####### ####???# "" #?????????????????? | | #?##### ###### ##?????# *!! #?????????????????? | | / T ##?????########?????????????????? | | ####### # ##???? ??#????????????????????? | | ?????###### ##### "T ???????????????????? | | ????????? + "" ???????????????????? | | ????????? #########%## ?????????R????????? | | ????????? # ### #???????#+#??????????????????? | | ??????????# ###Y########?????????????????????? | | ??????????# # Y # #?????????????????????? | | ??????????# # "" # #?????????????????????? | | ??????????# """ + "T gp #?????????????????????? | | ??????????# """ # #g #?????????????????????? | | ??????????# """ # # #?????????????????????? | | ??????????# ####### #?????????????????????? | | ??????????# #?????# @ #?????????????????????? | | ??????????# "T" #?????# #?????????????????????? | | ??????????# """ #?????# #?????????????????????? | | ??????????# #?????######?????????????????????? | | ??????????#######????????????????????????????????? | | ?????????????????????????????????????????????????? | | ?????????????????????????????????????????????????? | | ?????????????????????????????????????????????????? | | ?????????????????????????????????????????????????? | | ?????????????????????????????????????????????????? | | ?????????????????????????????????????????????????? | | ?????????????????????????????????????????????????? | | ?????????????????????????????????????????????????? | | ?????????????????????????????????????????????????? | | ?????????????????????????????????????????????????? | | ?????????????????????????????????????????????????? | | ?????????????????????????????????????????????????? | | ?????????????????????????????????????????????????? | | ?????????????????????????????????????????????????? | | ?????????????????????????????????????????????????? | | ?????????????????????????????????????????????????? | | ?????????????????????????????????????????????????? | | ?????????????????????????????????????????????????? | | ?????????????????????????????????????????????????? | | ?????????????????????????????????????????????????? | +----------------------------------------------------+ Best States ------------- Heat Dissipation 73 Energy Generation 30 Energy Capacity 600 Matter Stores 300 Matter Capacity 300 Sight Range 16 Terrain Scan Density 10 Jamming Range 14 Armor Coverage 950 Resistance: KI 20 Resistance: TH 20 Weapon Cycling 20 Melee Speed Boost 20 Phase Shifting 5 Evasion (%) 50 Targeting Accuracy 12 Core Analysis 6 Recoil Reduction 4 Particle Charging 15 Offensive Hacking 24 Relay Coupler Types 2 Relay Coupler Value 43 Authchip Count 3 Item Schematics ----------------- Cargo Storage Unit | -10/Materials | Hacked Imp. Utility Shielding | -8/Materials | Scanalyzed Adv. Targeting Computer | -8/Materials | Scanalyzed Core Analyzer | -8/Materials | Scanalyzed Exp. Utility Shielding | -5/Factory | Hacked Imp. Remote Datajack | -5/Factory | Hacked Gamma Bomb Array | -5/Factory | Hacked Robot Schematics ------------------ None Fabricated ------------ Cargo Storage Unit | x1 | -7/Factory Y-64 Sentinel | x2 | -5/Factory | Preloaded Cargo Storage Unit | x1 | -5/Factory Imp. Remote Datajack | x1 | -5/Factory Alien Tech Used ----------------- None Achievements -------------- None Challenges ------------ None Game ------ Seed AntimatterSapperMantle Manual? 0 Play Time 04:07:26 Cumulative 176.7 hours Start 2024.07.19 @ 17:44:44 End 2024.07.20 @ 18:57:58 Sessions 4 Manual Loads 0 Difficulty Rogue Special Mode None Game No. 44 Rogue 44 Adventurer 0 Explorer 0 Win Type - Total 7 Types 4/0/2/0/0/1/0/0/0 Lore% 64 Gallery% 79 Achievement% 69 Wizard Run 0 Options --------- Layout 2 ASCII 0 Keyboard 1 Movement Vi Keybinds 0 Fullscreen 1 Font 24/Smallcaps Map View 50x44 Zoom Use 0% Tactical HUD 1 Map Filters NONE Filters NONE Steam 1 RUN: d4fb10bc-7b62-40ad-91ff-937e25a1d1d8